 Dungeon Crawl Stone Soup version 0.29.0-13-gc9e81de378 (webtiles) character file.

Game seed: 4370083441476610849

112 nickcage the Slasher (level 5, -3/41 HPs)
             Began as a Human Cinder Acolyte on Sept 8, 2022.
             Was a High Priest of Ignis.
             Slain by Crazy Yiuf
             ... wielding a +4 quarterstaff of chaos
              (4 damage)
             ... on level 2 of the Dungeon.
             The game lasted 00:04:48 (2230 turns).

nickcage the Slasher (Human Cinder Acolyte)         Turns: 2230, Time: 00:04:48

Health: -3/41      AC:  6    Str: 17    XL:     5   Next: 16%
Magic:  2/6        EV: 14    Int: 14    God:    Ignis [*****.]
Gold:   49         SH:  0    Dex:  8    Spells: 6/6 levels left

rFire   + . .      SeeInvis .   a - -1 falchion (flame)
rCold   . . .      Faith    .   (no shield)
rNeg    . . .      Spirit   .   e - +0 scale mail
rPois   .          Reflect  .   (no helmet)
rElec   .          Harm     .   (no cloak)
rCorr   .          Rampage  .   (no gloves)
Will    .....                   (no boots)
Stlth   ..........              (no amulet)
HPRegen 0.13/turn               (no ring)
MPRegen 0.10/turn               (no ring)

@: agile
A: no striking features
a: Renounce Religion, Fiery Armour, Foxfire Swarm, Rising Flame


You were on level 2 of the Dungeon.
You worshipped Ignis.
Ignis was extremely pleased with you.
You visited 1 branch of the dungeon, and saw 2 of its levels.

You collected 49 gold pieces.

Inventory:

Hand Weapons
 a - a -1 falchion of flaming (weapon)
Missiles
 c - 4 boomerangs (quivered)
Armour
 b - a +0 robe
 e - a +0 scale mail (worn)
Jewellery
 l - a ring of protection from cold
Scrolls
 d - a scroll of immolation {unknown}
 g - a scroll of teleportation {unknown}
 h - a scroll of brand weapon {unknown}
 i - a scroll of fear {unknown}
Potions
 f - a potion of heal wounds {unknown}
 j - a potion of flight {unknown}
 k - 2 potions of might {unknown}


   Skills:
 - Level 3.0 Fighting
 + Level 5.4 Long Blades
 - Level 1.0 Spellcasting
 - Level 3.1 Fire Magic


You had 6 spell levels left.
You didn't know any spells.
Your spell library contained the following spells:

 Spells                   Type           Power      Damage    Failure   Level
 Scorch                   Fire           18%        2d5       38%         2


Dungeon Overview and Level Annotations

Branches:
Dungeon (2/15)

Altars:

Annotations:
D:2 Crazy Yiuf


Message History

No target in view!
Found a stone staircase leading up.
Found an escape hatch in the ceiling.
There is an escape hatch in the ceiling here.
A giant cockroach comes into view.
The giant cockroach moves out of view.
The giant cockroach misses you.
You closely miss the giant cockroach.
The giant cockroach bites you but does no damage.
You barely miss the giant cockroach.
The giant cockroach bites you but does no damage.
You closely miss the giant cockroach.
The giant cockroach bites you but does no damage. x2
You completely miss the giant cockroach.
The giant cockroach bites you.
You hit the giant cockroach. You burn the giant cockroach.
You kill the giant cockroach!
No target in view!
No target in view!
There is a stone staircase leading up here.
You see here a dart slug corpse.
Found a hammer.
Found a runed translucent door.
Crazy Yiuf shouts!
You open the door. You barely miss Crazy Yiuf.
Crazy Yiuf hits you with a +4 quarterstaff of chaos.
You closely miss Crazy Yiuf.
Crazy Yiuf twirls on the spot.
Crazy Yiuf hits you with a +4 quarterstaff of chaos!
You feel your power leaking away.
You hit Crazy Yiuf but do no damage.
Crazy Yiuf hits you with a +4 quarterstaff of chaos!
* * * LOW HITPOINT WARNING * * *
You feel agile all of a sudden.
You closely miss Crazy Yiuf. Crazy Yiuf closely misses you.
You hit Crazy Yiuf but do no damage.
Crazy Yiuf hits you with a +4 quarterstaff of chaos!
* * * LOW HITPOINT WARNING * * *
Crazy Yiuf freezes you.
You die...

#..#.#######...#
#.#.## ##.## #.### #.#
### #.# #.## ########
#... ### ###.#....##
##.. #...##..#......##
#.#
#...g@####......####.#
#)..### ##..........#
### ############


You could see Crazy Yiuf.

Vanquished Creatures
  Natasha (twice) (D:2)
  2 adders (D:2)
  A worm (D:2)
  3 dart slugs
  7 ball pythons
  4 bats
  2 endoplasms (D:1)
  2 giant cockroaches
  4 goblins
  2 hobgoblins (D:1)
  2 jackals (D:1)
  3 kobolds
  A frilled lizard (D:1)
  A rat (D:1)
36 creatures vanquished.

Notes
Turn   | Place    | Note
-------+----------+-------------------------------------------
     0 | D:1      | nickcage the Human Cinder Acolyte began the quest for the
                  | Orb.
     0 | D:1      | Reached XP level 1. HP: 18/18 MP: 2/2
   146 | D:1      | Reached XP level 2. HP: 21/24 MP: 3/3
   555 | D:1      | Found a faded altar of an unknown god.
   593 | D:1      | Reached XP level 3. HP: 28/29 MP: 4/4
   632 | D:1      | Reached skill level 4 in Long Blades
  1471 | D:2      | Reached XP level 4. HP: 20/35 MP: 5/5
  1681 | D:2      | Noticed Natasha
  1689 | D:2      | Killed Natasha
  1751 | D:2      | Noticed Natasha
  1758 | D:2      | Killed Natasha
  1759 | D:2      | Reached skill level 5 in Long Blades
  1759 | D:2      | Reached XP level 5. HP: 16/41 MP: 6/6
  2221 | D:2      | Found a runed translucent door.
  2222 | D:2      | Noticed Crazy Yiuf
  2230 | D:2      | HP: 1/41 [Crazy Yiuf/+4 quarterstaff of chaos (12)]
  2230 | D:2      | Slain by Crazy Yiuf

Illustrated notes

Levels and vault maps discovered:
D:1:      eino_arrival_druids_welcome, layout_loops_ring,
          hellmonk_ecumenical_altar_prayer_group, minmay_misc_feat_pillars
D:2:      layout_loops_ring, uniq_natasha, uniq_crazy_yiuf_cottage

Skill      XL: |  1  2  3  4 |
---------------+-------------+-----
Long Blades    | 4 5 |  5.4
Fighting       | |  3.0
Spellcasting   | |  1.0
Fire Magic     | |  3.1

Action                   |  1- 3 |  4- 6 || total
-------------------------+-------+-------++-------
Melee: Falchion          |    97 |    39 ||   136
       Punch             |     1 |       ||     1
Throw: Boomerang         |    27 |     1 ||    28
Armor: Robe              |     3 |       ||     3
       Scale mail        |    37 |    15 ||    52
Dodge: Dodged            |    48 |    13 ||    61
